 Dungeon Crawl Stone Soup version 0.24.0-125-gc4c63601f3 (webtiles) character file.

Game seed: 12122349054655533117, levelgen mode: deterministic

6190 BuffBuff the Cleaver (level 10, -12/93 HPs)
             Began as a Minotaur Berserker on Mar 19, 2020.
             Was a High Priest of Trog.
             Mangled by a spark wasp (16 damage)
             ... on level 9 of the Dungeon.
             The game lasted 00:25:14 (9393 turns).

BuffBuff the Cleaver (Minotaur Berserker)           Turns: 9393, Time: 00:25:15

Health: -12/93     AC: 20    Str: 24    XL:     10   Next: 60%
Magic:  9/9        EV: 10    Int:  4    God:    Trog [*****.]
Gold:   662        SH:  3    Dex: 11    Spells: 9/9 levels left

rFire    . . .     SeeInvis .   m - +2 broad axe (chop)
rCold    + . .     Gourm    .   f - +0 buckler
rNeg     . . .     Faith    .   J - +0 plate armour
rPois    .         Spirit   .   C - +2 hat
rElec    .         Reflect  .   w - +1 cloak
rCorr    .         Harm     .   (no gloves)
MR       .....                  H - +0 pair of boots
Stlth    ..........             i - amulet of magic regeneration
HPRegen  0.25/turn              r - ring of protection from cold
MPRegen  0.36/turn              (no ring)

@: no status effects
A: retaliatory headbutt, horns 2
a: Berserk, Trog's Hand, Brothers in Arms, Renounce Religion


You were on level 9 of the Dungeon.
You worshipped Trog.
Trog was extremely pleased with you.
You were not hungry.

You visited 1 branch of the dungeon, and saw 9 of its levels.
You also visited: Sewer.

You collected 662 gold pieces.

Inventory:

Hand Weapons
 m - a +2 broad axe of chopping (weapon)
 q - a +2 battleaxe
Armour
 f - a +0 buckler (worn)
 s - the +1 ring mail of Xom's Righteous Anger {MR- Dex+3}
   (You found it on level 9 of the Dungeon)

   It affects your dexterity (+3).
   It affects your resistance to hostile enchantments.
 w - a +1 cloak (worn)
 C - a +2 hat (worn)
 H - a +0 pair of boots (worn)
 J - a +0 plate armour (worn)
Jewellery
 i - an amulet of magic regeneration (around neck)
 r - a ring of protection from cold (left hand)
Wands
 E - a wand of polymorph (7)
 F - a wand of iceblast (11)
Scrolls
 a - 4 scrolls of identify
 g - a scroll of enchant armour
 j - 5 scrolls of remove curse
 n - 3 scrolls of fog
 u - 12 scrolls of teleportation
 x - 3 scrolls of immolation {unknown}
 D - a scroll of amnesia {unknown}
Potions
 b - 2 potions of flight {unknown}
 e - a potion of invisibility {unknown}
 h - 2 potions of resistance {unknown}
 k - 3 potions of brilliance {unknown}
 l - 3 potions of haste {unknown}
 o - 6 potions of curing
 p - a potion of might {unknown}
 t - a potion of cancellation {unknown}
 v - 3 potions of ambrosia {unknown}
 z - 3 potions of magic {unknown}
 A - 4 potions of heal wounds
 B - 2 potions of lignification {unknown}
 G - a potion of degeneration {unknown}
 I - a potion of agility {unknown}
Comestibles
 c - 19 rations
 d - a chunk of flesh


   Skills:
 + Level 9.8 Fighting
 * Level 11.5 Axes
 + Level 9.4 Armour
 + Level 8.7 Dodging


You had 9 spell levels left.
You didn't know any spells.
Your spell library was empty.

Dungeon Overview and Level Annotations

Branches:
Dungeon (9/15)             Temple (0/1) D:6            Lair (0/6) D:8
  Sewer (visited)
    Orc: D:9-12

Altars:
Fedhas
Gozag
Hepliaklqana
Makhleb
Nemelex Xobeh
Qazlal
Sif Muna
Trog
Vehumet
Yredelemnul
Zin


Innate Abilities, Weirdness & Mutations

You reflexively headbutt those who attack you in melee.
You have a pair of horns on your head.


Message History

The spark wasp stings you but does no damage.
You slash the spark wasp! You headbutt the spark wasp.
The spark wasp is lightly wounded.
The spark wasp stings you! The spark wasp shocks you!
The spark wasp stings you!! The spark wasp shocks you!
You hit the spark wasp.
The spark wasp is moderately wounded.
The spark wasp closely misses you.
You slash the spark wasp!
The spark wasp is heavily wounded.
You block the spark wasp's attack. The spark wasp stings you!
* * * LOW HITPOINT WARNING * * *
The spark wasp shocks you!
* * * LOW HITPOINT WARNING * * *
You slash the spark wasp! Your headbutt misses the spark wasp.
The spark wasp is severely wounded.
The spark wasp stings you!
* * * LOW HITPOINT WARNING * * *
The spark wasp shocks you!
You die...

########## ########
#...[....# #......###
#........# #......'.#
#....)...#########
#......#.###...@y.......K...#
#......#............#######.#
#......#####.....##########.#
##......# #....(#.)+.P≈PP#K#
.'.)....# #....(#%.#≈≈≈≈P#.#
##......# #.....#'##P≈P.≈#.#
#......# #.....#(.#.....#)#
#####'### #####.#..'....≈..#
#))...# #.#..'.P...###


You could see a spark wasp.

Vanquished Creatures
  2 dream sheep (D:9)
  Prince Ribbit (D:6)
  Grinder (D:5)
  2 hippogriffs
  Sigmund (D:5)
  2 yaks (D:9)
  A hungry ghost (D:9)
  Duvessa (D:7)
  A water moccasin (D:9)
  4 orc warriors
  A black bear (D:6)
  A hornet zombie (D:7)
  2 phantoms
  A sky beast (D:9)
  5 centaurs
  2 ogres
  Blork the orc (D:5)
  3 big kobolds
  2 bullfrogs
  A gnoll sergeant (D:9)
  Dowan (D:7)
  5 killer bees (D:7)
  6 wights
  2 howler monkeys
  6 crimson imps
  A bullfrog zombie (D:7)
  A quasit (D:6)
  2 jellies
  9 orc priests
  Crazy Yiuf (D:3)
  2 centaur skeletons
  6 hounds
  A bullfrog skeleton (D:8)
  Jessica (D:2)
  4 iguanas
  4 orc wizards
  4 worker ants
  A hound zombie (D:8)
  3 hound skeletons
  A worker ant zombie (D:6)
  8 gnolls
  A howler monkey skeleton (D:5)
  9 adders
  A shadow imp (D:9)
  2 oozes
  3 adder zombies
  An adder skeleton (D:9)
  2 worms
  4 leopard geckos
  49 orcs
  5 bats (D:2)
  9 giant cockroaches
  5 goblins
  6 hobgoblins
  14 jackals
  A quokka (D:4)
  8 ball pythons
  8 frilled lizards
  15 kobolds
  9 rats
  A plant (Sewer)
257 creatures vanquished.

Vanquished Creatures (others)
  2 fungi (D:6)
2 creatures vanquished.

Grand Total: 259 creatures vanquished

Notes
Turn   | Place    | Note
-------+----------+-------------------------------------------
     0 | D:1      | BuffBuff the Minotaur Berserker began the quest for the
                  | Orb.
     0 | D:1      | Reached XP level 1. HP: 19/19 MP: 0/0
   284 | D:1      | Reached XP level 2. HP: 22/27 MP: 1/1
   372 | D:1      | Reached skill level 4 in Axes
   658 | D:2      | Found an opulent altar of Gozag.
   864 | D:2      | Found an opulent altar of Gozag.
   895 | D:2      | Reached XP level 3. HP: 30/33 MP: 2/2
  1348 | D:2      | Noticed Jessica
  1354 | D:2      | Killed Jessica
  1354 | D:2      | Reached XP level 4. HP: 27/40 MP: 3/3
  1831 | D:3      | Reached ** piety under Trog
  1839 | D:3      | Reached skill level 5 in Axes
  2221 | D:3      | Reached XP level 5. HP: 43/47 MP: 4/4
  2717 | D:3      | Found a runed translucent door.
  2718 | D:3      | Noticed Crazy Yiuf
  2733 | D:3      | Killed Crazy Yiuf
  2953 | D:4      | Reached XP level 6. HP: 16/55 MP: 5/5
  3328 | D:4      | Reached skill level 5 in Fighting
  3350 | D:4      | Reached skill level 6 in Axes
  3414 | D:4      | Found a stormy altar of Qazlal.
  3612 | D:4      | Found a glowing drain.
  3620 | Sewer    | Entered a sewer
  3655 | Sewer    | Reached *** piety under Trog
  4562 | D:5      | Entered Level 5 of the Dungeon
  4604 | D:5      | Found a basalt altar of Yredelemnul.
  4661 | D:5      | Noticed Sigmund
  4679 | D:5      | Killed Sigmund
  4679 | D:5      | Reached XP level 7. HP: 50/61 MP: 6/6
  4699 | D:5      | Noticed Blork the orc
  4716 | D:5      | Killed Blork the orc
  4716 | D:5      | Reached skill level 7 in Axes
  4734 | D:5      | Reached skill level 5 in Armour
  4876 | D:5      | Noticed Grinder
  4892 | D:5      | Killed Grinder
  4892 | D:5      | Reached skill level 5 in Dodging
  4892 | D:5      | Reached XP level 8. HP: 70/70 MP: 7/7
  5193 | D:5      | Found a basalt altar of Yredelemnul.
  5197 | D:5      | Reached skill level 8 in Axes
  5351 | D:6      | Noticed Prince Ribbit
  5733 | D:6      | Found a blossoming altar of Fedhas.
  5795 | D:6      | Killed Prince Ribbit
  5825 | D:6      | Reached **** piety under Trog
  6012 | D:6      | Reached XP level 9. HP: 63/81 MP: 8/8
  6087 | D:6      | Found a staircase to the Ecumenical Temple.
  6365 | D:7      | Reached skill level 9 in Axes
  6610 | D:7      | Noticed Duvessa
  6610 | D:7      | Noticed Dowan
  6614 | D:7      | Killed Duvessa
  6615 | D:7      | Killed Dowan
  6926 | D:7      | Found a burning altar of Makhleb.
  6967 | D:8      | Reached ***** piety under Trog
  6984 | D:8      | Found a staircase to the Lair.
  7006 | D:8      | Reached skill level 10 in Axes
  7042 | D:8      | Found a bloodstained altar of Trog.
  7165 | D:8      | Found a sparkling altar of Nemelex Xobeh.
  7231 | D:8      | Found a shimmering blue altar of Sif Muna.
  7234 | D:8      | Found a glowing silver altar of Zin.
  7237 | D:8      | Found a hazy altar of Hepliaklqana.
  7240 | D:8      | Found a radiant altar of Vehumet.
  8099 | D:9      | Reached XP level 10. HP: 86/91 MP: 9/9
  8175 | D:9      | Noticed a three-headed hydra
  8729 | D:9      | Reached skill level 11 in Axes
  8785 | D:9      | Received a gift from Trog
  9226 | D:9      | Got a spiked ring mail
  9236 | D:9      | Identified the +1 ring mail of Xom's Righteous Anger {MR-
                  | Dex+3} (You found it on level 9 of the Dungeon)
  9387 | D:9      | Noticed a spark wasp
  9387 | D:9      | a six-headed hydra changed into a spark wasp
  9393 | D:9      | HP: 4/93 [spark wasp (7)]
  9393 | D:9      | Mangled by a spark wasp

Levels and vault maps discovered:
D:1:      minmay_arrival_wavy_path, layout_rooms, minmay_tree_intersection
D:2:      layout_basic, overflow_temple_1_default, grunt_gozag_statues,
          uniq_jessica
D:3:      layout_basic, uniq_crazy_yiuf_cottage
D:4:      lemuel_upstairs_altar, layout_basic, lemuel_crystal_altar,
          portal_sewer_entry_f, first_ration
D:5:      wander_river, layout_rooms, lemuel_coloured_pillars_altar,
          yredelemnul_altar_generic, uniq_grinder, uniq_blork_the_orc,
          uniq_sigmund
D:6:      layout_loops_ring, fedhas_altar_3, temple_fountains,
          uniq_prince_ribbit1
D:7:      cheibrodos_quashed, layout_rooms, makhleb_grotto_becter, uniq_duvessa
D:8:      layout_basic, grunt_temple_overflow_cloverleaf, kennysheep_mini,
          lemuel_doored_altar
D:9:      layout_roguey [special_room_orc], hangedman_ranch
          [blue_anna_fruit_fields]

Skill      XL: |  1  2  3  4  5  6  7  8  9 10 |
---------------+-------------------------------+-----
Axes           | 4 5 6 7 8 10 11 | 11.5
Fighting       | 4 5 6 7 9 |  9.8
Armour         | 3 4 5 7 8 9 |  9.4
Dodging        | 3 4 5 6 7 8 |  8.7

Action                   |  1- 3 |  4- 6 |  7- 9 | 10-12 || total
-------------------------+-------+-------+-------+-------++-------
Melee: Hand axe          |    41 |       |       |       ||    41
       Headbutt          |     6 |    40 |    51 |    29 ||   126
       War axe           |    18 |   149 |       |       ||   167
       Short sword       |       |    52 |       |       ||    52
       Mace              |       |    11 |   147 |       ||   158
       Battleaxe         |       |       |     8 |       ||     8
       Broad axe         |       |       |   120 |   145 ||   265
Invok: Berserk           |       |       |     1 |       ||     1
Evoke: Wand              |       |       |       |     4 ||     4
  Use: Scroll            |       |     9 |     4 |     2 ||    15
  Eat: Chunk             |     1 |    12 |    10 |     7 ||    30
       Ration            |       |       |       |     1 ||     1
Armor: Animal skin       |    15 |     5 |       |       ||    20
       Leather armour    |       |    12 |       |       ||    12
       Scale mail        |       |    38 |    78 |       ||   116
       Chain mail        |       |       |    90 |    45 ||   135
       Plate armour      |       |       |       |    39 ||    39
Dodge: Dodged            |    39 |    99 |   169 |    71 ||   378
Block: Buckler           |       |       |       |     2 ||     2
